 Dungeon Crawl Stone Soup version 0.31-a0-187-gba352fbbf7 (webtiles) character file.

Game seed: 250605587101011614

45058 Gorgondantess the Arsonist (level 14, -2/109 HPs)
             Began as a Tengu Fire Elementalist on June 23, 2023.
             Was a High Priest of Hepliaklqana.
             Slain by a cane toad (7 damage)
             ... on level 5 of the Lair of Beasts.
             The game lasted 00:56:37 (18282 turns).

Gorgondantess the Arsonist (TeFE)                  Turns: 18282, Time: 00:56:37

Health: -2/109     AC: 23    Str: 12    XL:     14   Next: 31%
Magic:  28/28      EV:  2    Int: 25    God:    Hepliaklqana [*****.]
Gold:   1881       SH:  0    Dex: 15    Spells: 18/31 levels left

rFire   + . .        E - +2 dagger (elec)
rCold   x . .        (no shield)
rNeg    . . .        T - melded +3 leather armour {Will+}
rPois   +            (helmet currently unavailable)
rElec   +            (cloak currently unavailable)
rCorr   .            V - melded +0 pair of gloves
SInv    .            (boots unavailable)
Will    +++..        C - amulet of magic regeneration
Stlth   +            G - ring "Edghiod" {Fire *Corrode rElec rPois Will++ Str+2}
HPRegen 0.38/turn    X - +6 ring of intelligence
MPRegen 0.61/turn

%: corrode self (3%)
@: confused, tree-form, ambrosia-drunk, corroded
A: stationary, stasis, torment immunity, boosted hp, reduced essence, (beak),
(talons 3), nimble flight
a: Renounce Religion, Recall Ancestor, Ancestor Identity, Transference, Idealise


You were on level 5 of the Lair of Beasts.
You worshipped Hepliaklqana.
Hepliaklqana was extremely pleased with you.
You were a tree.
You visited 3 branches of the dungeon, and saw 17 of its levels.
You also visited: Ossuary, Bailey and Gauntlet.

You collected 2133 gold pieces.
You spent 252 gold pieces at shops.

Inventory:

Hand Weapons
 E - a +2 dagger of electrocution (weapon)
 O - a +6 orcbow of freezing
Missiles
 Q - 6 curare-tipped darts
Armour
 T - a +3 leather armour of willpower (melded)
 V - a +0 pair of gloves (melded)
Magical Staves
 Z - the staff of the Onslaught {rPois Int+4 Poison}
   (You found it in a Gauntlet)

   [staff of poison]

   Base accuracy: +5 Base damage: 5 Base attack delay: 1.2 This weapon's minimum
   attack delay (0.6) is reached at skill level 12.
   Int:       It affects your intelligence (+4).
   rPois:     It protects you from poison.
   Poison:    It increases the power of your Poison spells.
   It falls into the 'Staves' category.
   It is a one-handed weapon.
Jewellery
 j - a ring of wizardry
 m - a ring of fire
 y - a ring of positive energy
 z - a ring of poison resistance
 C - an amulet of magic regeneration (around neck)
 G - the ring "Edghiod" (left branch) {Fire *Corrode rElec rPois Will++ Str+2}
   (You found it in a Gauntlet)

   [ring of fire]

   It enhances your fire magic.
   Str:       It affects your strength (+2).
   rF:        It protects you from fire.
   rC:        It makes you vulnerable to cold.
   rElec:     It insulates you from electricity.
   rPois:     It protects you from poison.
   *Corrode:  It may corrode you when you take damage.
   Will:      It greatly increases your willpower.
 P - a ring of see invisible
 W - the ring of Ving {Fly rElec rCorr Dex+3 Stlth+}
   (You found it in a Gauntlet)

   [ring of resist corrosion]

   Dex:       It affects your dexterity (+3).
   rElec:     It insulates you from electricity.
   Fly:       It grants you flight.
   rCorr:     It protects you from acid and corrosion.
   Stlth:     It makes you more stealthy.
 X - a +6 ring of intelligence (right branch)
Wands
 v - a wand of charming (13)
 A - a wand of iceblast (44)
 H - a wand of mindburst (20)
Scrolls
 d - 3 scrolls of revelation
 e - 3 scrolls of vulnerability
 g - a scroll of silence
 h - a scroll of blinking
 i - 2 scrolls of teleportation
 l - 3 scrolls of fog
 n - a scroll of butterflies
 p - 4 scrolls of torment {unknown}
 q - 3 scrolls of immolation {unknown}
 s - 4 scrolls of amnesia {unknown}
 t - 3 scrolls of acquirement {unknown}
 x - 3 scrolls of fear
 F - 4 scrolls of enchant weapon {unknown}
 L - 3 scrolls of poison {unknown}
Potions
 a - a potion of resistance
 b - a potion of magic
 c - a potion of mutation
 f - 11 potions of enlightenment
 k - 3 potions of attraction
 r - 6 potions of curing
 w - a potion of experience {unknown}
 B - 2 potions of might
 K - 4 potions of brilliance
 M - 3 potions of haste
 R - a potion of invisibility


   Skills:
 + Level 7.4 Fighting
 - Level 3.0 Ranged Weapons
 - Level 3.5 Armour
 + Level 8.0 Dodging
 - Level 2.0 Stealth
 + Level 9.4 Spellcasting
 + Level 12.9 Conjurations
 - Level 13.5 Summonings
 + Level 14.2 Fire Magic


You had 18 spell levels left.
You knew the following spells:

 Your Spells              Type           Power      Damage    Failure   Level
a - Foxfire               Conj/Fire      100%       2x1d9     1%          1
b - Scorch                Fire           100%       2d9       1%          2
c - Flame Wave            Conj/Fire      88%        2d19      1%          4
d - Summon Cactus Giant   Summ           34%        N/A       3%          6

Your spell library contained the following spells:

 Spells                   Type           Power      Damage    Failure   Level
 Inner Flame              Hex/Fire       63%        N/A       1%          3
 Volatile Blastmotes      Fire/Tloc      100%       2d18      1%          3
 Sticky Flame             Conj/Fire      88%        2d10      1%          4


Dungeon Overview and Level Annotations

Branches:
Dungeon (11/15)            Temple (1/1) D:5            Lair (5/5) D:9
  Swamp (0/4) Lair:3       Spider (0/4) Lair:3      Ossuary (visited)
 Bailey (visited)         Gauntlet (visited)
  Slime: Lair:4-5       Orc: D:9-12

Altars:
Ashenzari
Cheibriados
Dithmenos
Elyvilon
Fedhas
Gozag
Hepliaklqana
Kikubaaqudgha
Makhleb
Nemelex Xobeh
Okawaru
Qazlal
Ru
Sif Muna
Trog
Uskayaw
Vehumet
Wu Jian
Xom
Yredelemnul
Zin
The Shining One

Shops:
D:7 !   D:8 (

Annotations:
D:11 Urug


Innate Abilities, Weirdness & Mutations

You are a tree.
Your roots penetrate the ground, keeping you stationary.
You cannot be teleported.
You are immune to unholy pain and torment.
Your maximum health is greatly increased.
Your equipment is partially melded.
Your life essence is reduced to manifest your ancestor. (-10% HP)
((You have a beak for a mouth.))
((You have claws for feet.))
Your magical nature lets you fly swiftly and evasively.


Message History

You closely miss the wyvern.
The wyvern is heavily wounded.
The cane toad stings you.
* * * LOW HITPOINT WARNING * * *
The wyvern barely misses you.
Unknown command.
Unknown command.
You feel better.
The wyvern is no longer more vulnerable to fire.
The wyvern bites you.
* * * LOW HITPOINT WARNING * * *
The cane toad stings you but does no damage.
Your cactus giant hits the cane toad with a +0 giant spiked club!!
The wyvern bites you!
* * * LOW HITPOINT WARNING * * *
You feel better.
The cane toad stings you but does no damage.
The wyvern bites you.
* * * LOW HITPOINT WARNING * * *
The cane toad stings you but does no damage.
Unknown command.
Unknown command.
You are confused.
You feel invigorated.
The wyvern bites you but does no damage.
The cane toad stings you but does no damage.
The wyvern bites you but does no damage.
You attack the rock wall.
The wyvern bites you!
* * * LOW HITPOINT WARNING * * *
Your cactus giant closely misses the cane toad.
The cane toad stings you!
* * * LOW HITPOINT WARNING * * *
Unknown command.
Unknown command.
You hit the wyvern.
The wyvern is heavily wounded.
The wyvern bites you.
* * * LOW HITPOINT WARNING * * *
The cane toad stings you!
You die...

#### ##... #.....
.... .F.... ......
# P.....# ..... .#
#......### .... ...
#.....#♣# ..# ....
#....#Fl##.# .....
#....CF..##......
##......P........
#..........y....
#.................
..............y(..
#..#...............
..####.............


You could see 2 cane toads, a wyvern and a friendly cactus giant (summoned).

Vanquished Creatures
  2 hydras
  A boulder beetle (D:11)
  6 death yaks
  2 bog bodies (Lair:3)
  A deep elf pyromancer (D:9)
  Pikel (D:5)
  5 black mambas
  A torpor snail (Lair:2)
  4 cane toads
  6 komodo dragons
  4 rime drakes
  Psyche (D:8)
  2 polar bears
  A hornet (D:7)
  13 blink frogs
  2 raiju (Gauntlet)
  2 culicivoras (Lair:3)
  Sigmund (D:2)
  Eustachio (D:5)
  2 wraiths
  6 wyverns
  39 yaks
  Grum (D:8)
  3 steam dragons
  A vampire mosquito (Lair:5)
  A swamp worm (Lair:3)
  Edmund (D:5)
  6 water moccasins
  5 orc warriors
  3 ice beasts
  3 black bears (D:9)
  2 sky beasts (D:6)
  An ogre (D:6)
  2 centaurs
  11 wolves
  2 lemures (D:5)
  3 phantoms
  2 kobold brigands
  14 bullfrogs
  3 gnoll sergeants (D:8)
  A wyvern zombie (Ossuary)
  2 scorpions
  3 wights (D:7)
  3 howler monkeys
  9 electric eels
  8 bullfrog zombies (Ossuary)
  A centaur zombie (Ossuary)
  3 gnoll boudas
  14 hounds
  An orc priest (D:9)
  2 jellies
  3 iguanas
  Terence (D:2)
  A sleepcap (D:6)
  4 orc wizards
  A lightning spire (Gauntlet)
  6 killer bee zombies (Ossuary)
  3 howler monkey zombies (Ossuary)
  18 mummies (Ossuary)
  29 gnolls
  5 adders
  2 shadow imps (D:6)
  5 white imps
  An ufetubus (D:5)
  4 dart slugs
  25 orcs
  3 bats
  11 endoplasms
  2 giant cockroaches (D:3)
  7 goblins
  9 hobgoblins
  12 jackals
  24 kobolds
  4 quokkas
  3 ball pythons
  2 frilled lizards (D:1)
  An orc zombie (D:4)
  5 rats
405 creatures vanquished.

Vanquished Creatures (collateral kills)
  A minotaur (Gauntlet)
  3 hydras
  2 two-headed ogres (D:11)
  2 death yaks
  A bog body (Lair:3)
  A cyclops (D:9)
  A black mamba (Lair:3)
  7 cane toads
  7 komodo dragons
  A polar bear (Lair:3)
  A tyrant leech (Lair:5)
  2 blink frogs (Lair:5)
  A culicivora (Lair:3)
  12 yaks
  3 water moccasins
  4 orc warriors
  A wolf (D:8)
  A bullfrog (Lair:1)
  A gnoll bouda (D:8)
  A hound (D:8)
  A sleepcap (D:6)
  A lightning spire (Gauntlet)
  3 gnolls
  A goblin (Bailey)
  2 hobgoblins (Bailey)
  A jackal (D:8)
  2 kobolds (D:8)
64 creatures vanquished.

Vanquished Creatures (others)
  An ancestor (D:7)
  9 knights
  140 foxfires
150 creatures vanquished.

Grand Total: 619 creatures vanquished

Notes
Turn   | Place    | Note
-------+----------+-------------------------------------------
     0 | D:1      | Gorgondantess the Tengu Fire Elementalist began the quest
                  | for the Orb.
     0 | D:1      | Reached XP level 1. HP: 10/10 MP: 4/4
   153 | D:1      | Reached XP level 2. HP: 12/15 MP: 6/6
   345 | D:1      | Found a faded altar of an unknown god.
   503 | D:1      | Reached XP level 3. HP: 19/19 MP: 4/7
   504 | D:1      | Reached skill level 4 in Fire Magic
   880 | D:2      | Noticed Sigmund
  1227 | D:2      | Learned a level 2 spell: Scorch
  1354 | D:2      | Noticed Terence
  1360 | D:2      | Killed Terence
  1361 | D:2      | Reached XP level 4. HP: 15/24 MP: 0/8
  2134 | D:3      | Gained mutation: Your magical nature lets you fly swiftly
                  | and evasively. [Tengu growth]
  2134 | D:3      | Reached XP level 5. HP: 28/28 MP: 6/10
  2220 | D:3      | Found a glowing silver altar of Zin.
  2572 | D:4      | Found a snail-covered altar of Cheibriados.
  2647 | D:4      | Reached skill level 5 in Fire Magic
  2766 | D:4      | Found a sand-covered staircase.
  2865 | Ossuary  | Entered an ossuary
  2997 | Ossuary  | Reached XP level 6. HP: 19/32 MP: 0/11
  3056 | Ossuary  | Reached skill level 6 in Fire Magic
  3106 | Ossuary  | Reached XP level 7. HP: 22/36 MP: 8/13
  3263 | Ossuary  | Reached skill level 5 in Conjurations
  3379 | Ossuary  | Reached skill level 7 in Fire Magic
  3711 | Ossuary  | Reached XP level 8. HP: 32/41 MP: 6/15
  3935 | Ossuary  | Learned a level 4 spell: Flame Wave
  4200 | D:4      | Found a shimmering blue altar of Sif Muna.
  4428 | D:5      | Entered Level 5 of the Dungeon
  4580 | D:5      | Noticed Edmund
  4583 | D:5      | Reached skill level 8 in Fire Magic
  4796 | D:5      | Reached skill level 1 in Fighting
  4860 | D:5      | Found a staircase to the Ecumenical Temple.
  4980 | Temple   | Entered the Ecumenical Temple
  4985 | Temple   | Became a worshipper of Hepliaklqana the Forgotten
  5072 | D:5      | Noticed Eustachio
  5087 | D:5      | Killed Eustachio
  5221 | D:5      | Noticed Pikel
  5265 | D:5      | Killed Pikel
  5266 | D:5      | Reached skill level 5 in Spellcasting
  5266 | D:5      | Reached skill level 9 in Fire Magic
  5266 | D:5      | Reached XP level 9. HP: 29/49 MP: 4/17
  5801 | D:5      | Killed Edmund
  6135 | D:6      | Reached * piety under Hepliaklqana
  6570 | D:6      | Reached skill level 1 in Armour
  6776 | D:6      | Reached skill level 10 in Fire Magic
  7099 | D:2      | Killed Sigmund
  7100 | D:2      | Reached XP level 10. HP: 50/50 MP: 13/19
  7434 | D:7      | Reached skill level 5 in Dodging
  7556 | D:7      | Found Ighox's Distillery.
  7578 | D:7      | Bought a potion of haste for 140 gold pieces
  7578 | D:7      | Bought a potion of ambrosia for 112 gold pieces
  7632 | D:7      | Found a broken altar of Ashenzari.
  7635 | D:7      | Found an opulent altar of Gozag.
  7636 | D:7      | Found an ornate altar of the Wu Jian Council.
  7640 | D:7      | Found a sacrificial altar of Ru.
  7644 | D:7      | Found a white marble altar of Elyvilon.
  7841 | D:7      | Found a radiant altar of Vehumet.
  7841 | D:7      | Found a glowing golden altar of the Shining One.
  7852 | D:7      | Found a basalt altar of Yredelemnul.
  8210 | D:8      | Found Alearea's Weapon Boutique.
  8303 | D:8      | Found a flagged portal.
  8318 | Bailey   | Entered a bailey
  8726 | D:8      | Noticed Psyche
  8730 | D:8      | Killed Psyche
  8731 | D:8      | Reached skill level 11 in Fire Magic
  8760 | D:8      | Reached ** piety under Hepliaklqana
  8767 | D:8      | Remembered your ancestor Cynebald as a knight
  8949 | D:8      | Reached skill level 5 in Fighting
  9402 | D:8      | Noticed Grum
  9408 | D:8      | Killed Grum
  9622 | D:9      | Noticed a cyclops
  9659 | D:9      | Reached XP level 11. HP: 57/57 MP: 15/22
  9926 | D:9      | Reached skill level 12 in Fire Magic
 10010 | D:9      | Reached skill level 10 in Conjurations
 10069 | D:9      | Found a staircase to the Lair.
 10316 | D:9      | Noticed a deep elf pyromancer
 10319 | D:9      | Killed a deep elf pyromancer
 10521 | D:9      | Killed a cyclops
 10748 | D:10     | Entered Level 10 of the Dungeon
 10949 | D:10     | Reached *** piety under Hepliaklqana
 11608 | D:11     | Noticed a boulder beetle
 11627 | D:11     | Killed a boulder beetle
 11628 | D:11     | Reached skill level 13 in Fire Magic
 11685 | D:11     | Noticed a two-headed ogre
 11692 | D:11     | Killed a two-headed ogre
 11887 | D:11     | Noticed a two-headed ogre
 11891 | D:11     | Killed a two-headed ogre
 11905 | D:11     | Learned a level 6 spell: Summon Cactus Giant
 11916 | D:11     | Noticed Urug
 11938 | D:11     | Found a bloodstained altar of Trog.
 12019 | Lair:1   | Entered Level 1 of the Lair of Beasts
 12024 | Lair:1   | Reached skill level 1 in Summonings
 12061 | Lair:1   | Reached XP level 12. HP: 61/61 MP: 16/25
 12095 | Lair:1   | Noticed a death yak
 12095 | Lair:1   | Noticed a death yak
 12095 | Lair:1   | Noticed a death yak
 12095 | Lair:1   | Noticed a death yak
 12095 | Lair:1   | Noticed a death yak
 12096 | Lair:1   | Noticed a death yak
 12193 | D:9      | Killed a death yak
 12194 | D:9      | Reached skill level 5 in Summonings
 12343 | Lair:1   | Killed a death yak
 12566 | Lair:1   | Killed a death yak
 12567 | Lair:1   | Killed a death yak
 12767 | Lair:1   | Killed a death yak
 13291 | Lair:2   | Reached skill level 10 in Summonings
 13326 | Lair:2   | Reached **** piety under Hepliaklqana
 13335 | Lair:2   | Found a gate leading to a gauntlet.
 13348 | Lair:2   | Noticed a seven-headed hydra
 13617 | Lair:2   | Reached XP level 13. HP: 40/64 MP: 10/26
 13692 | Gauntlet | Entered a Gauntlet
 13692 | Gauntlet | Found a transporter.
 13692 | Gauntlet | Found a transporter.
 13809 | Gauntlet | Found a transporter.
 13813 | Gauntlet | Found a transporter.
 13824 | Gauntlet | Found a transporter.
 13828 | Gauntlet | Found a transporter.
 13832 | Gauntlet | Noticed a blizzard demon
 13839 | Gauntlet | Found a transporter.
 13855 | Gauntlet | Found a transporter.
 13859 | Gauntlet | Found a transporter.
 13880 | Gauntlet | Found a transporter.
 13882 | Gauntlet | Found a runed translucent door.
 13884 | Gauntlet | Found a runed translucent door.
 13890 | Gauntlet | Found a transporter.
 13894 | Gauntlet | Found a transporter.
 14130 | Gauntlet | Identified the ring "Edghiod" {Fire *Corrode rElec rPois
                  | Will++ Str+2}
 14150 | Gauntlet | HP: 1/65 [lightning spire/bolt of electricity (6)]
 14302 | Gauntlet | Noticed a minotaur
 14329 | Gauntlet | HP: 3/65 [minotaur/arrow (1)]
 14353 | Gauntlet | Killed a minotaur
 14371 | Gauntlet | Identified the ring of Ving {Fly rElec rCorr Dex+3 Stlth+}
 14371 | Gauntlet | Identified the staff of the Onslaught {rPois Int+4 Poison}
 14851 | Lair:2   | Reached skill level 1 in Ranged Weapons
 15589 | Lair:3   | Found a hole to the Spider Nest.
 15938 | Lair:3   | Found a shadowy altar of Dithmenos.
 16621 | Lair:3   | Found a staircase to the Swamp.
 17361 | Lair:4   | Reached ***** piety under Hepliaklqana
 17409 | Lair:4   | Reached XP level 14. HP: 65/72 MP: 16/28
 17417 | Lair:4   | Reached skill level 14 in Fire Magic
 18153 | Lair:5   | Entered Level 5 of the Lair of Beasts
 18274 | Lair:5   | HP: 1/109 [cane toad (13)]
 18281 | Lair:5   | HP: 1/109 [cane toad (9)]
 18282 | Lair:5   | Slain by a cane toad

Illustrated notes

Levels and vault maps discovered:
D:1:      dpeg_arrival_simpleton_a, layout_loops_ring,
          dreamdust_ecumenical_altar_grove
D:2:      layout_basic, roderic_malta_cross, dk_noncrumbling_3,
          minmay_goblin_outpost, uniq_terence, uniq_sigmund
D:3:      layout_rooms, zin_academy
D:4:      layout_gridville, mainiacjoe_overflow_surrounded_room,
          mainiacjoe_overflow_cross_hatched, enter_ossuary_3
D:5:      layout_basic, minmay_temple_entry_water_ring,
          chequers_decorated_corner, uniq_pikel, uniq_eustachio, uniq_edmund
D:6:      minmay_bubble_buster, layout_basic,
          nicolae_concentric_dashed_squares_wild
D:7:      layout_rooms, minitemple, gammafunk_temple_overflow_claw,
          serial_shops, shop
D:8:      layout_cave_pools, enter_bailey_6, serial_gnoll_camp, grums_kennel,
          gnoll_camp_mini_hut, gnoll_camp_mini_hut, gnoll_camp_huts_moat,
          gnoll_camp_medium_01, serial_shops, nicolae_shop_tiny_waterfront,
          uniq_psyche
D:9:      layout_roguey, due_lair_maze_entry_diamond, serial_bayou,
          serial_bayou_lake_a, serial_bayou_crossing, serial_bayou_lagoon_a,
          serial_bayou_pond_a, serial_bayou_shore_b
D:10:     layout_basic
D:11:     layout_loops_cross, trog_butcher_becter, uniq_urug
Temple:   minmay_freezing_vapour_temple
Lair:1:   layout_roguey
Lair:2:   layout_gridlike, gauntlet_entry_generic
Lair:3:   beargit_carnivore_pack, layout_cave_pods,
          nicolae_swamp_entry_splash_gauntlet,
          hellmonk_spider_entry_life_and_decay, basic_altar, serial_rivers,
          chequers_serial_rivers_room_b, chequers_serial_rivers_marsh,
          chequers_serial_rivers_large_a, chequers_serial_rivers_micro_b
Lair:4:   layout_long_grid
Lair:5:   minmay_lair_end_frog_pond, layout_cellular_growth,
          minmay_slime_entry_pillars, st_stairs_10, serial_bayou_pond_c,
          pdpol_lair_neglected_garden

Skill      XL: |  1  2  3  4  5  6  7  8  9 10 11 12 13 14 |
---------------+-------------------------------------------+-----
Conjurations   | 2 3 4 5 7 8 9 11 12 | 12.9
Fire Magic     | 4 5 6 7 9 10 11 13 14 | 14.2
Spellcasting   | 3 4 5 6 8 9 |  9.4
Fighting       | 2 3 5 6 7 |  7.4
Dodging        | 3 4 5 7 8 |  8.0
Armour         | 2 3 |  3.5
Summonings     | 3 12 13 | 13.5
Ranged Weapons | 3 |  3.0
Stealth        | |  2.0

Action                     |  1- 3 |  4- 6 |  7- 9 | 10-12 | 13-15 || total
---------------------------+-------+-------+-------+-------+-------++-------
  Melee: Mace              |    21 |       |       |       |       ||    21
         Kick              |    13 |    22 |    17 |    33 |    15 ||   100
         Peck              |     3 |    11 |     8 |    14 |     9 ||    45
         Dagger            |    10 |    61 |    48 |    87 |    24 ||   230
         Punch             |       |       |     1 |     1 |       ||     2
   Fire: Orcbow            |       |       |       |       |   150 ||   150
  Throw: Dart              |       |       |       |     1 |       ||     1
   Cast: Foxfire           |    19 |    25 |    34 |     6 |       ||    84
         Scorch            |     3 |    22 |   114 |   200 |    25 ||   364
         Flame Wave        |       |       |     8 |    44 |    41 ||    93
         Summon Cactus Gia |       |       |       |       |    16 ||    16
 Invoke: Recall Ancestor   |       |       |     1 |    12 |     8 ||    21
         Ancestor Life: Kn |       |       |       |     1 |       ||     1
  Evoke: Wand              |       |       |       |     1 |       ||     1
    Use: Scroll            |       |     3 |     1 |    10 |     6 ||    20
         Potion            |       |     3 |     1 |       |    10 ||    14
   Stab: Sleeping          |     7 |     1 |       |     2 |       ||    10
         Distracted        |       |       |       |     1 |       ||     1
 Armour: Robe              |     2 |     8 |     1 |       |       ||    11
         Leather armour    |       |       |     1 |    29 |    17 ||    47
         Skin              |       |       |       |       |    19 ||    19
  Dodge: Dodged            |    14 |    36 |    70 |   211 |    60 ||   391

Table legend: (Time is in decaauts)
 A = Elapsed time spent in this place.
 B = Non-inter-level travel time spent in this place.
 C = Inter-level travel time spent in this place.
 D = Time resting spent in this place.
 E = Time spent auto-exploring this place.
 F = Levels seen in this place.
 G = Mean time per level.
                   A        B        C        D        E       F      G
               +--------+--------+--------+--------+--------+-----+--------+
         Total |  17399 |  16329 |   1070 |   2108 |  10200 |  20 |  870.0 |
       Dungeon |  10307 |   9539 |    768 |    713 |   6648 |  11 |  937.0 |
        Temple |     26 |     23 |      3 |      0 |     10 |   1 |   26.0 |
          Lair |   4752 |   4454 |    298 |    677 |   2753 |   5 |  950.4 |
       Ossuary |   1077 |   1077 |      0 |    383 |    420 |   1 | 1077.0 |
        Bailey |    384 |    384 |      0 |    100 |     39 |   1 |  384.0 |
      Gauntlet |    850 |    850 |      0 |    232 |    327 |   1 |  850.0 |
               +--------+--------+--------+--------+--------+-----+--------+

Top non-repeatable levels by time:
  Lair:3: 1601 daAuts
     D:5: 1381 daAuts
     D:9: 1248 daAuts
     D:8: 1225 daAuts
     D:2: 1174 daAuts
 Ossuary: 1077 daAuts
  Lair:1: 1076 daAuts
     D:6: 1068 daAuts
  Lair:2: 992 daAuts
  Lair:4: 955 daAuts
     D:1: 911 daAuts
     D:4: 866 daAuts
Gauntlet: 850 daAuts
    D:10: 802 daAuts
     D:7: 647 daAuts
